 Dungeon Crawl Stone Soup version 0.21.1-1-g345015f (webtiles) character file.

53 letownia2 the Ruffian (level 3, -6/27 HPs)
             Began as a Demonspawn Gladiator on July 15, 2018.
             Splashed by Ijyb's acid (11 damage)
             ... on level 3 of the Dungeon.
             The game lasted 00:04:09 (704 turns).

letownia2 the Ruffian (Demonspawn Gladiator)         Turns: 704, Time: 00:04:10

Health: -6/27      AC:  4    Str: 15    XL:     3   Next: 64%
Magic:  3/3        EV: 12    Int:  9    God:
Gold:   55         SH:  6    Dex: 14    Spells: 2/2 levels left

rFire    . . .     SeeInvis +     - Unarmed
rCold    . . .     Gourm    .   (no shield)
rNeg     . . .     Faith    .   a - +0 leather armour
rPois    .         Spirit   .   b - +0 helmet
rElec    .         Reflect  .   (no cloak)
rCorr    .         Harm     .   (no gloves)
MR       .....                  (no boots)
Stlth    +.........             o - amulet of magic regeneration
HPRegen  0.09/turn              e - ring of wizardry
MPRegen  0.33/turn              k - ring of see invisible

@: no status effects
A: large bone plates 2
a: no special abilities


You were on level 3 of the Dungeon.
You were not hungry.

You visited 1 branch of the dungeon, and saw 4 of its levels.

You collected 55 gold pieces.

Inventory:

Hand Weapons
 m - a +0 hunting sling
Missiles
 c - a throwing net (quivered)
Armour
 a - a +0 leather armour (worn)
 b - a +0 helmet (worn)
Jewellery
 e - a ring of wizardry (left hand)
 k - a ring of see invisible (right hand)
 o - an amulet of magic regeneration (around neck)
Scrolls
 f - 2 scrolls of identify {unknown}
 g - 2 scrolls of magic mapping {unknown}
 h - 2 scrolls of fog {unknown}
 i - 2 scrolls of blinking {unknown}
 l - 2 scrolls of enchant weapon {unknown}
Potions
 j - a potion of ambrosia {unknown}
 n - 2 potions of degeneration {unknown}
Comestibles
 d - 6 rations


   Skills:
 - Level 2.0 Fighting
 - Level 1.7 Throwing
 - Level 2.6 Dodging
 + Level 4.2 Unarmed Combat


You had 2 spell levels left.
You didn't know any spells.

Dungeon Overview and Level Annotations

Branches:
Dungeon (4/15)
 Temple: D:4-7

Altars:
Nemelex Xobeh

Annotations:
D:3 Ijyb


Innate Abilities, Weirdness & Mutations

You are mostly covered in large bone plates. (SH +6)


Message History

There is an open gate here.
Found a stone staircase leading down.
An adder comes into view.
The adder hisses angrily.
A hobgoblin comes into view.
The hobgoblin shouts!
You hear a shout!
Found a ration.
The adder falls through a shaft!
The shaft crumbles and collapses.
You barely miss the hobgoblin. The hobgoblin hits you.
You hit the hobgoblin.
You kill the hobgoblin!
No target in view!
No target in view!
g - 2 scrolls labeled VUFAMOI OKOTUR (gained 1) Ijyb the Twisted Goblin comes into view.
Ijyb shouts!
Ijyb zaps a wand.
The bolt of acid hits you!
* * * LOW HITPOINT WARNING * * *
You are splashed with acid!
The acid burns!
You die...

.... .....## ###########
#........... .......<..#
............#....#
###########
..............g.#
..........#....#####
....>........%..... ###
..........(........ #..
#.........@....... #.#
###..#####.#+###### #.#
#............#############.#
#..........................#
#.......................####
#.........†.........†...#
#.......................#
#.......................#
#.......................#


You could see Ijyb.

Vanquished Creatures
  An adder (D:2)
  An ooze (D:2)
  2 dart slugs
  2 leopard geckos (D:2)
  5 orcs
  A ball python (D:3)
  5 goblins
  3 hobgoblins
  4 kobolds (D:2)
  A quokka (D:3)
  3 bats (D:2)
28 creatures vanquished.

Notes
Turn   | Place    | Note
-------+----------+-------------------------------------------
     0 | D:1      | letownia2 the Demonspawn Gladiator began the quest for the Orb.
     0 | D:1      | Reached XP level 1. HP: 16/16 MP: 1/1
   166 | D:2      | Reached skill level 3 in Unarmed Combat
   186 | D:2      | Gained mutation: You are partially covered in large bone plates. (SH +4) [demonic ancestry]
   186 | D:2      | Reached XP level 2. HP: 5/22 MP: 2/2
   348 | D:2      | Gained mutation: You are mostly covered in large bone plates. (SH +6) [demonic ancestry]
   348 | D:2      | Reached XP level 3. HP: 12/27 MP: 3/3
   380 | D:2      | Reached skill level 4 in Unarmed Combat
   662 | D:3      | Found a sparkling altar of Nemelex Xobeh.
   703 | D:3      | Noticed Ijyb
   704 | D:3      | Splashed by Ijyb's acid

Skill      XL: |  1  2  3 |
---------------+----------+-----
Unarmed Combat | 3 4 |  4.2
Fighting       | |  2.0
Throwing       | |  1.7
Dodging        | |  2.6

Action                   || total
-------------------------++-------
Melee: Unarmed           ||   127
       Punch             ||     1
Throw: Throwing net      ||     3
 Stab: Held in net/web   ||     1
Armor: Leather armour    ||    21
Dodge: Dodged            ||    68
Block: Other             ||    18
